 Dungeon Crawl Stone Soup version 0.21.0-37-g46506fa (webtiles) character file.

92273 Arthanis the Scorcher (level 15, -28/76 HPs)
             Began as a Deep Elf Fire Elementalist on Feb 1, 2018.
             Was a High Priest of Vehumet.
             Shot with an arrow by Nessos (31 damage)
             ... on level 15 of the Dungeon.
             The game lasted 01:46:33 (28215 turns).

Arthanis the Scorcher (Deep Elf Fire Elementalist) Turns: 28215, Time: 01:46:33

Health: -28/76     AC:  9    Str:  5    XL:     15   Next: 57%
Magic:  18/44      EV: 21    Int: 33    God:    Vehumet [*****.]
Gold:   790        SH:  5    Dex: 17    Spells: 2/42 levels left

rFire    + + .     SeeInvis .   Q - +1 trident of the Shining One's Whim {holy, rPois}
rCold    . . .     Gourm    .   Y - +0 buckler {AC+3}
rNeg     . . .     Faith    .   f - +1 robe "Guac" {rElec Int+3}
rPois    +         Spirit   .   x - +0 helmet {Int+3}
rElec    +         Reflect  .   G - scarf {rC+ rF+}
rCorr    +         Harm     .   i - +1 pair of gloves "Suiv" {MR+ MP+9}
MR       ++...                  (no boots)
Stlth    ++........             u - amulet of magic regeneration
HPRegen  0.22/turn              H - ring of resist corrosion
MPRegen  0.54/turn              k - ring of Suesotuh {Fire rPois Dex+2}

@: no status effects
A: no striking features
a: Renounce Religion


You were on level 15 of the Dungeon.
You worshipped Vehumet.
Vehumet was extremely pleased with you.
You were near starving.

You visited 4 branches of the dungeon, and saw 24 of its levels.
You also visited: Ice Cave.

You collected 2277 gold pieces.
You spent 1487 gold pieces at shops.

Inventory:

Hand Weapons
 Q - the +1 trident of the Shining One's Whim (weapon) {holy, rPois}
   (You found it on level 12 of the Dungeon)

   It has been blessed by the Shining One to cause great damage to the undead
   and demons.
   It protects you from poison.
Missiles
 n - 4 throwing nets (quivered)
Armour
 f - the +1 robe "Guac" (worn) {rElec Int+3}
   (You found it on level 5 of the Dungeon)

   It affects your intelligence (+3).
   It insulates you from electricity.
 i - the +1 pair of gloves "Suiv" (worn) {MR+ MP+9}
   (You bought it in a shop on level 2 of the Orcish Mines)

   It affects your resistance to hostile enchantments.
   It affects your magic capacity (+9).
 j - a +2 robe of resistance
 x - a +0 helmet of intelligence (worn)
 G - a scarf of resistance (worn)
 Y - a +0 buckler of protection (worn)
Jewellery
 k - the ring of Suesotuh (right hand) {Fire rPois Dex+2}
   (You found it on level 4 of the Lair of Beasts)

   [ring of fire]

   It enhances your fire magic.
   It affects your dexterity (+2).
   It protects you from fire.
   It makes you vulnerable to cold.
   It protects you from poison.
 u - an amulet of magic regeneration (around neck)
 H - a ring of resist corrosion (left hand)
 T - an uncursed ring of ice
Wands
 e - a wand of flame (67)
 p - a wand of enslavement (22)
 t - a wand of disintegration (27)
 K - a wand of iceblast (30)
 U - a wand of paralysis (13)
Scrolls
 d - 8 scrolls of fear
 l - 2 scrolls of teleportation
 o - 4 scrolls of fog
 w - a scroll of magic mapping
 A - 2 scrolls of summoning
 C - 8 scrolls of enchant weapon
 D - 3 scrolls of amnesia
 E - 2 scrolls of silence {unknown}
 I - 3 scrolls of holy word
 L - 3 scrolls of remove curse
 M - 2 scrolls of torment {unknown}
 V - 4 scrolls of enchant armour
Potions
 a - a potion of cancellation
 b - 4 potions of might
 g - 6 potions of haste
 h - 10 potions of curing
 m - 2 potions of lignification
 r - 4 potions of heal wounds
 s - 5 potions of invisibility
 z - a potion of flight
 B - 5 potions of brilliance
 F - 2 potions of resistance
 J - 2 potions of agility
 O - 2 potions of mutation
 W - 4 potions of magic
 X - 2 potions of ambrosia
Miscellaneous
 S - 2 sacks of spiders
Comestibles
 c - 22 rations


   Skills:
 - Level 2.0 Fighting
 + Level 11.7 Dodging
 - Level 3.0 Stealth
 - Level 4.0 Shields
 + Level 14.4 Spellcasting
 * Level 16.5 Conjurations
 - Level 5.2 Summonings
 * Level 16.7 Fire Magic
 + Level 5.4 Evocations


You had 2 spell levels left.
You knew the following spells:

 Your Spells              Type           Power        Failure   Level  Hunger
a - Flame Tongue          Conj/Fire      #####        0%          1    None
b - Conjure Flame         Conj/Fire      ########     0%          3    None
c - Sticky Flame          Conj/Fire      ########     0%          4    None
d - Fireball              Conj/Fire      ########..   1%          5    None
e - Throw Icicle          Conj/Ice       ######..     1%          4    None
f - Blink                 Tloc           N/A          2%          2    None
g - Passage of Golubria   Tloc           N/A          19%         4    None
h - Cause Fear            Hex            ###.......   19%         4    None
i - Summon Butterflies    Summ           ######..     1%          1    None
j - Spellforged Servitor  Conj/Summ      #######...   4%          7    #####..
k - Bolt of Magma         Conj/Fire/Erth #######...   1%          5    None


Dungeon Overview and Level Annotations

Branches:
Dungeon (15/15)            Temple (1/1) D:7            Lair (6/6) D:10
 Shoals (0/4) Lair:2       Spider (0/4) Lair:3        Slime (0/5) Lair:6
    Orc (2/2) D:11            Elf (0/3) Orc:2        Vaults (0/5) D:14
 Depths: D:15

Altars:
Ashenzari
Cheibriados
Dithmenos
Elyvilon
Fedhas
Gozag
Hepliaklqana
Kikubaaqudgha
Makhleb
Nemelex Xobeh
Okawaru
Qazlal
Ru
Sif Muna
Trog
Uskayaw
Vehumet
Wu Jian
Xom
Yredelemnul
Zin
The Shining One
Beogh
Jiyva

Shops:
D:4 ?   D:5 *   D:9 (   Orc:2 [:[(!*(*

Annotations:
D:2 Robin
D:15 Nessos


Message History

* * * LOW HITPOINT WARNING * * *
The arrow burns you.
* * * LOW HITPOINT WARNING * * *
Nessos shoots an arrow.
The arrow completely misses you.
You see here an arrow.
Casting: Fireball
Confirm with . or Enter, or press ? or * to list all spells.
Aiming: Fireball
Press: ? - help, Shift-Dir - straight line, p - Nessos You feel a surge of power!
The fireball explodes!
The fireball engulfs Nessos.
Nessos resists.
Nessos is moderately wounded.
Nessos shoots an arrow.
The arrow completely misses you.
Casting: Fireball
Confirm with . or Enter, or press ? or * to list all spells.
You summon a servant imbued with your destructive magic!
You are near starving!
Your spellforged servitor disappears in a puff of smoke!
Nessos shoots an arrow.
The arrow hits you!!
You die...

#..##..##(....
#.#
#..##..##.....
#.#
#..##..##.....
#.# #..# #.....
#.# #(.# . #.#
#..# #.# #..# .
#.# #..#
....##@###..#
........ยง....#
.....8.$##.(.#
........##...#
.....##.##.....
.. .....
#.##....... ..
....
#.##..###..# #.
.... #c##..#
..# #. #. #..#
.# #.


You could see Nessos and a friendly spellforged servitor.

Vanquished Creatures
  Rupert (D:14)
  Gastronok (Lair:3)
  A frost giant (IceCv)
  A stone giant (Orc:1)
  An ice dragon (D:14)
  5 hydras
  A centaur warrior (D:13)
  A catoblepas (Lair:6)
  A vault guard (D:14)
  4 ogre magi (Orc:2)
  19 two-headed ogres
  A death yak (IceCv)
  A tengu warrior (D:13)
  12 spriggans (Lair:6)
  Sonja (D:15)
  An unseen horror (D:13)
  Pikel (D:9)
  The ghost of Vorshek the Grasshopper, a novice GnWr (D:5)
  An orc knight (Orc:1)
  An orb spider (Lair:3)
  4 ugly things
  2 orc sorcerers (Orc:2)
  4 oklob plants (Lair:5)
  3 manticores
  2 cyclopes (D:11)
  14 elephants
  8 spiny frogs
  5 black mambas
  2 centaur skeletons (D:15)
  An ice statue (IceCv)
  A gargoyle (D:12)
  2 kobold demonologists (D:15)
  6 komodo dragons
  2 rime drakes
  A freezing wraith (D:13)
  A yaktaur (D:15)
  6 meliai (D:13)
  A merfolk (D:10)
  8 trolls
  23 polar bears
  7 hornets
  7 dream sheep (Lair:6)
  16 blink frogs
  8 hippogriffs
  Sigmund (D:3)
  A vampire (D:10)
  40 yaks
  2 wyverns
  A shadow (D:14)
  3 basilisks
  2 fire bats (Lair:3)
  2 wraiths
  2 hungry ghosts
  2 wargs
  2 acid dragons
  6 water moccasins
  7 porcupines
  9 orc warriors
  10 ice beasts
  5 black bears
  4 phantoms
  2 sky beasts
  An eye of draining (D:11)
  2 slaves (D:9)
  4 boggarts (Lair:6)
  46 wolves
  23 ogres
  7 centaurs
  13 crocodiles
  2 big kobolds
  16 bullfrogs
  A gnoll sergeant (D:8)
  A wyvern skeleton (D:12)
  7 wights
  2 electric eels
  A lava snake (Lair:3)
  6 crimson imps
  5 hounds
  2 bullfrog zombies
  3 centaur zombies
  5 jellies
  A quasit (D:13)
  11 orc priests
  Crazy Yiuf (D:6)
  A gnoll shaman (D:6)
  12 orc wizards
  3 bullfrog skeletons
  Natasha (twice) (D:2)
  2 iguanas (D:7)
  8 worker ants
  A hound zombie (D:6)
  3 hound skeletons
  2 worker ant zombies
  13 gnolls
  20 adders
  6 shadow imps
  An adder zombie (D:6)
  4 worms
  2 dart slugs
  6 leopard geckos
  65 orcs
  7 giant cockroaches
  19 goblins
  9 hobgoblins
  8 jackals
  18 kobolds
  9 quokkas
  A ball python (D:1)
  10 bats
  9 frilled lizards
  A jackal skeleton (D:5)
  2 leopard gecko skeletons
  9 rats
  3 fungi
  11 plants
718 creatures vanquished.

Vanquished Creatures (collateral kills)
  3 two-headed ogres
  An orc knight (D:15)
  4 ugly things (D:14)
  4 ogres (Orc:1)
  An orc wizard (Orc:2)
  3 orcs
16 creatures vanquished.

Vanquished Creatures (others)
  2 yaks (IceCv)
  10 fungi
  4 plants
16 creatures vanquished.

Grand Total: 750 creatures vanquished

Notes
Turn   | Place    | Note
-------+----------+-------------------------------------------
     0 | D:1      | Arthanis the Deep Elf Fire Elementalist began the quest for the Orb.
     0 | D:1      | Reached XP level 1. HP: 10/10 MP: 6/6
   161 | D:1      | Reached XP level 2. HP: 14/15 MP: 4/8
   684 | D:1      | Reached XP level 3. HP: 19/19 MP: 5/9
   689 | D:1      | Learned a level 3 spell: Conjure Flame
  1179 | D:2      | Noticed Robin
  1190 | D:2      | Noticed Natasha
  1194 | D:2      | Killed Natasha
  1194 | D:2      | Reached XP level 4. HP: 21/24 MP: 5/11
  1284 | D:2      | Learned a level 4 spell: Sticky Flame
  1646 | D:2      | Reached XP level 5. HP: 27/28 MP: 3/13
  2043 | D:2      | Noticed Natasha
  2045 | D:2      | Killed Natasha
  2045 | D:2      | Reached skill level 5 in Fire Magic
  2512 | D:3      | Reached XP level 6. HP: 25/32 MP: 6/14
  2779 | D:3      | Noticed Sigmund
  2787 | D:3      | Killed Sigmund
  2787 | D:3      | Reached skill level 5 in Spellcasting
  2796 | D:3      | Reached skill level 5 in Conjurations
  3260 | D:4      | Learned a level 5 spell: Fireball
  3291 | D:4      | Reached XP level 7. HP: 36/36 MP: 6/16
  3355 | D:4      | Found Ovviluo's Magic Scroll Boutique.
  3358 | D:4      | Bought a scroll of remove curse for 33 gold pieces
  3358 | D:4      | Bought a scroll of teleportation for 33 gold pieces
  3358 | D:4      | Bought a scroll of identify for 22 gold pieces
  3358 | D:4      | Bought a scroll of identify for 22 gold pieces
  3358 | D:4      | Bought a scroll of magic mapping for 38 gold pieces
  3358 | D:4      | Bought a scroll of identify for 22 gold pieces
  4197 | D:5      | Entered Level 5 of the Dungeon
  4212 | D:5      | Noticed Vorshek's ghost (novice GnWr)
  4221 | D:5      | Killed Vorshek's ghost
  4221 | D:5      | Reached XP level 8. HP: 32/41 MP: 12/19
  4569 | D:5      | Found Amyos's Assorted Antiques.
  4573 | D:5      | Got a warped robe
  4584 | D:5      | Identified the +1 robe "Guac" {rElec Int+3} (You found it on level 5 of the Dungeon)
  6039 | D:6      | Found a runed door.
  6043 | D:6      | Noticed Crazy Yiuf
  6048 | D:6      | Killed Crazy Yiuf
  6621 | D:7      | Reached XP level 9. HP: 32/45 MP: 14/22
  7274 | D:7      | Found a shadowy altar of Dithmenos.
  7631 | D:7      | Found a staircase to the Ecumenical Temple.
  7640 | Temple   | Entered the Ecumenical Temple
  7699 | Temple   | Became a worshipper of Vehumet
  8394 | D:8      | Reached skill level 10 in Fire Magic
  8526 | D:8      | Reached * piety under Vehumet
  8526 | D:8      | Offered knowledge of Sting by Vehumet.
  8872 | D:9      | Identified 2 scrolls of acquirement
  8906 | D:9      | Found Quodukul's Weapon Shoppe.
  8939 | D:9      | Noticed a two-headed ogre
  8942 | D:9      | Killed a two-headed ogre
  8942 | D:9      | Reached XP level 10. HP: 50/50 MP: 13/24
  9195 | D:9      | Noticed a two-headed ogre
  9204 | D:9      | Killed a two-headed ogre
  9204 | D:9      | Reached skill level 10 in Conjurations
  9228 | D:9      | Reached skill level 1 in Shields
  9366 | D:9      | Noticed Pikel
  9371 | D:9      | Killed Pikel
  9795 | D:9      | Found a hazy altar of Hepliaklqana.
  9926 | D:10     | Entered Level 10 of the Dungeon
 10068 | D:10     | Reached skill level 5 in Dodging
 10141 | D:10     | Found a staircase to the Lair.
 10142 | D:10     | Noticed a two-headed ogre
 10172 | D:10     | Killed a two-headed ogre
 10179 | D:10     | Noticed an elephant
 10311 | D:10     | Killed an elephant
 10801 | D:11     | Noticed a cyclops
 10803 | D:11     | Killed a cyclops
 10803 | D:11     | Reached XP level 11. HP: 54/54 MP: 15/26
 10898 | D:11     | Found a frozen archway.
 10906 | D:11     | Reached skill level 10 in Spellcasting
 10915 | D:11     | Offered knowledge of Magic Dart by Vehumet.
 10958 | IceCv    | Entered an ice cave
 10960 | IceCv    | Reached ** piety under Vehumet
 12039 | IceCv    | Reached skill level 1 in Evocations
 12221 | IceCv    | Offered knowledge of Ignite Poison by Vehumet.
 12440 | IceCv    | Noticed a death yak
 12711 | IceCv    | Killed a death yak
 12735 | IceCv    | Reached *** piety under Vehumet
 12866 | IceCv    | Reached XP level 12. HP: 50/59 MP: 24/28
 13052 | IceCv    | Noticed a frost giant
 13072 | IceCv    | Killed a frost giant
 13077 | IceCv    | Reached skill level 1 in Fighting
 13706 | D:11     | Found a staircase to the Orcish Mines.
 13709 | D:11     | Offered knowledge of Throw Icicle by Vehumet.
 13762 | D:11     | Learned a level 4 spell: Throw Icicle
 13802 | D:11     | Found a roughly hewn altar of Beogh.
 14417 | D:11     | Noticed a two-headed ogre
 14429 | D:11     | Killed a two-headed ogre
 14509 | D:11     | Reached **** piety under Vehumet
 15148 | D:12     | Offered knowledge of Irradiate by Vehumet.
 15271 | D:12     | Got an ivory trident
 15280 | D:12     | Identified the +1 trident of the Shining One's Whim {holy, rPois} (You found it on level 12 of the Dungeon)
 16030 | D:13     | Noticed a centaur warrior
 16033 | D:13     | Killed a centaur warrior
 16152 | D:13     | Reached ***** piety under Vehumet
 16197 | D:13     | Noticed a tengu warrior
 16212 | D:13     | Killed a tengu warrior
 16536 | D:13     | Reached XP level 13. HP: 66/66 MP: 21/30
 17242 | D:14     | Noticed Rupert
 17242 | D:14     | Paralysed by Rupert for 4 turns
 17249 | D:14     | Offered knowledge of Iskenderun's Mystic Blast by Vehumet.
 17615 | Lair:1   | Entered Level 1 of the Lair of Beasts
 17717 | Lair:2   | Found a staircase to the Shoals.
 18837 | Lair:2   | Learned a level 2 spell: Blink
 18842 | Lair:2   | Learned a level 4 spell: Passage of Golubria
 18849 | Lair:2   | Learned a level 4 spell: Cause Fear
 19342 | Lair:3   | Noticed Gastronok
 19548 | Lair:3   | Found a hole to the Spider Nest.
 19974 | Lair:3   | Offered knowledge of Airstrike by Vehumet.
 20592 | Lair:3   | Killed Gastronok
 20653 | Lair:4   | Got an ancient copper ring
 20655 | Lair:4   | Identified the ring of Suesotuh {Fire rPois Dex+2} (You found it on level 4 of the Lair of Beasts)
 20761 | Lair:4   | Reached skill level 10 in Dodging
 20785 | Lair:4   | Reached skill level 15 in Fire Magic
 21276 | Lair:5   | Reached XP level 14. HP: 72/72 MP: 19/33
 22264 | Lair:5   | Reached skill level 15 in Conjurations
 22408 | Lair:5   | Learned a level 1 spell: Summon Butterflies
 22471 | Lair:6   | Entered Level 6 of the Lair of Beasts
 23154 | Lair:6   | Found a staircase to the Slime Pits.
 23252 | Lair:6   | Found a viscous altar of Jiyva.
 23861 | Lair:6   | Offered knowledge of Spellforged Servitor by Vehumet.
 24656 | D:13     | Learned a level 7 spell: Spellforged Servitor
 24810 | D:14     | Reached skill level 1 in Summonings
 25002 | D:15     | Entered Level 15 of the Dungeon
 25106 | D:15     | Noticed Sonja
 25106 | D:15     | Killed Sonja
 25446 | Orc:1    | Entered Level 1 of the Orcish Mines
 25570 | Orc:2    | Entered Level 2 of the Orcish Mines
 25582 | Orc:2    | Reached skill level 5 in Summonings
 25647 | Orc:2    | Reached XP level 15. HP: 76/76 MP: 22/34
 26426 | Orc:2    | Found Ceduvufe's Weapon Boutique.
 26434 | Orc:2    | Found Paqotsar's Book Shoppe.
 26582 | Orc:2    | Found Fileghew's Armour Emporium.
 26592 | Orc:2    | Bought the +1 pair of gloves "Suiv" {MR+ MP+9} for 697 gold pieces
 26630 | Orc:2    | Found Berux's Antique Armour Shoppe.
 26657 | Orc:2    | Bought a pair of faintly humming gloves for 313 gold pieces
 26667 | Orc:2    | Identified the cursed +0 pair of gloves of the Endless Expanse {*Corrode Int+5} (You bought it in a shop on level 2 of the Orcish Mines)
 26791 | Orc:2    | Found Pasoh's Distillery.
 26791 | Orc:2    | Found Gudghoytt's Antique Weapon Boutique.
 26792 | Orc:2    | Found Yhiesah's Assorted Antiques.
 26792 | Orc:2    | Found Ivviwohe's General Store.
 26799 | Orc:2    | Bought a potion of curing for 54 gold pieces
 26799 | Orc:2    | Bought a potion of curing for 54 gold pieces
 26801 | Orc:2    | Bought a scroll of fog for 26 gold pieces
 26801 | Orc:2    | Bought a scroll of fog for 26 gold pieces
 26802 | Orc:2    | Bought a scroll of identify for 42 gold pieces
 26802 | Orc:2    | Bought a scroll of identify for 42 gold pieces
 26802 | Orc:2    | Bought a potion of curing for 63 gold pieces
 26864 | Orc:2    | Found a staircase to the Elven Halls.
 26868 | Orc:2    | Found a roughly hewn altar of Beogh.
 27130 | Orc:1    | Reached skill level 5 in Evocations
 27136 | Orc:1    | Offered knowledge of Bolt of Magma by Vehumet.
 27358 | Orc:2    | Learned a level 5 spell: Bolt of Magma
 27683 | D:14     | Killed Rupert
 27722 | D:14     | Found a gate to the Vaults.
 28209 | D:15     | Noticed Nessos
 28213 | D:15     | HP: 3/76 [Nessos/arrow (5)]
 28215 | D:15     | Shot with an arrow by Nessos

Skill      XL: |  1  2  3  4  5  6  7  8  9 10 11 12 13 14 15 |
---------------+----------------------------------------------+-----
Conjurations   | 2 3 4 5 6 8 9 11 12 13 14 15 16 | 16.5
Fire Magic     | 4 5 6 7 8 10 11 12 13 15 16 | 16.7
Spellcasting   | 4 5 6 7 8 9 10 11 13 14 | 14.4
Dodging        | 3 5 7 8 10 11 | 11.7
Shields        | 2 4 |  4.0
Evocations     | 2 4 5 |  5.4
Fighting       | 2 |  2.0
Summonings     | 5 |  5.2
Stealth        | 3 |  3.0

Action                   |  1- 3 |  4- 6 |  7- 9 | 10-12 | 13-15 || total
-------------------------+-------+-------+-------+-------+-------++-------
Melee: Dagger            |     1 |     1 |       |       |       ||     2
       Scythe            |       |     1 |     3 |       |       ||     4
       Trident           |       |       |     8 |    17 |    18 ||    43
       Quarterstaff      |       |       |     4 |    49 |       ||    53
       Staff             |       |       |       |     1 |       ||     1
Throw: Tomahawk          |       |       |       |       |     4 ||     4
 Cast: Flame Tongue      |    64 |   132 |   255 |   323 |   150 ||   924
       Conjure Flame     |     1 |     6 |    28 |    43 |     7 ||    85
       Sticky Flame      |       |     6 |    16 |    43 |    59 ||   124
       Fireball          |       |       |     6 |   108 |   302 ||   416
       Throw Icicle      |       |       |       |     2 |     9 ||    11
       Spellforged Servi |       |       |       |       |    12 ||    12
       Bolt of Magma     |       |       |       |       |     9 ||     9
       Blink             |       |       |       |       |     1 ||     1
       Summon Butterflie |       |       |       |       |     1 ||     1
Evoke: Wand              |       |       |       |       |     6 ||     6
  Use: Scroll            |       |       |    15 |    10 |    18 ||    43
       Potion            |       |       |       |       |     2 ||     2
 Stab: Sleeping          |       |       |       |     1 |       ||     1
  Eat: Chunk             |     1 |     7 |    16 |    24 |    21 ||    69
       Ration            |       |       |     1 |     2 |     5 ||     8
Armor: Robe              |     2 |    11 |     8 |    50 |    23 ||    94
Dodge: Dodged            |    13 |    35 |    41 |   112 |   140 ||   341
Block: Buckler           |       |       |       |    17 |    46 ||    63
